 Dungeon Crawl Stone Soup version 0.24-a0-475-g5b41c6f198 (webtiles) character file.

Game seed: 2346503291002199199

7879 pk666 the Thaumaturge (level 11, -19/54 HPs)
             Began as a Deep Elf Wizard on July 5, 2019.
             Was a Priest of Vehumet.
             Hit by a large rock thrown by a cyclops (29 damage)
             ... on level 9 of the Dungeon.
             The game lasted 00:35:31 (15749 turns).

pk666 the Thaumaturge (Deep Elf Wizard)            Turns: 15749, Time: 00:35:31

Health: -19/54     AC:  6    Str:  4    XL:     11   Next: 2%
Magic:  27/29      EV: 16    Int: 27    God:    Vehumet [***...]
Gold:   455        SH:  0    Dex: 13    Spells: 25/34 levels left

rFire    . . .     SeeInvis .   j - +3 dagger
rCold    . . .     Gourm    .   (no shield)
rNeg     . . .     Faith    +   t - +2 robe
rPois    .         Spirit   .   b - +0 hat
rElec    .         Reflect  .   (no cloak)
rCorr    .         Harm     .   A - +1 pair of gloves
MR       +....                  (no boots)
Stlth    ++........             h - amulet of faith
HPRegen  0.18/turn              (no ring)
MPRegen  0.21/turn              (no ring)

@: no status effects
A: no striking features
a: Renounce Religion


You were on level 9 of the Dungeon.
You worshipped Vehumet.
Vehumet was most pleased with you.
You were near starving.

You visited 2 branches of the dungeon, and saw 11 of its levels.

You collected 494 gold pieces.
You spent 39 gold pieces at shops.

Inventory:

Hand Weapons
 j - a +3 dagger (weapon)
Armour
 b - a +0 hat (worn)
 t - a +2 robe (worn)
 A - a +1 pair of gloves (worn)
Jewellery
 h - an amulet of faith (around neck)
 v - a cursed -3 ring of evasion {unknown}
Wands
 m - a wand of polymorph (7)
 o - a wand of flame (10)
Scrolls
 c - 2 scrolls of magic mapping {unknown}
 e - 15 scrolls of identify
 l - 6 scrolls of remove curse
 q - 3 scrolls of amnesia {unknown}
 u - 2 scrolls of fog {unknown}
 y - 2 scrolls of enchant weapon {unknown}
 z - 4 scrolls of teleportation
Potions
 a - a potion of ambrosia {unknown}
 f - 2 potions of haste
 g - 6 potions of degeneration {unknown}
 i - 4 potions of flight {unknown}
 k - 4 potions of heal wounds {unknown}
 n - a potion of mutation {unknown}
 p - a potion of might {unknown}
 r - a potion of resistance {unknown}
 s - a potion of curing
 w - 3 potions of agility
Comestibles
 d - 22 rations


   Skills:
 + Level 7.6 Dodging
 - Level 2.4 Stealth
 + Level 12.1 Spellcasting
 + Level 9.7 Conjurations
   Level 1.1 Summonings
 - Level 3.1 Translocations
 + Level 9.4 Fire Magic
 - Level 2.0 Air Magic
 - Level 3.2 Poison Magic


You had 25 spell levels left.
You knew the following spells:

 Your Spells              Type           Power        Failure   Level  Hunger
a - Magic Dart            Conj           ####         1%          1    None
b - Blink                 Tloc           N/A          1%          2    None
c - Conjure Flame         Conj/Fire      ######..     1%          3    None
d - Mephitic Cloud        Conj/Pois/Air  #####...     1%          3    None

Your spell library contained the following spells:

 Spells                   Type           Power        Failure   Level  Hunger
 Inner Flame              Hex/Fire       #####...     1%          3    None
 Freeze                   Ice            ###.         1%          1    None
 Throw Frost              Conj/Ice       #####.       1%          2    None
 Throw Icicle             Conj/Ice       #####...     1%          4    None
 Call Imp                 Summ           ###.....     3%          2    None
 Slow                     Hex            ###.....     5%          2    None
 Ozocubu's Armour         Chrm/Ice       ###.....     11%         3    None
 Summon Ice Beast         Ice/Summ       ###.....     28%         4    None


Dungeon Overview and Level Annotations

Branches:
Dungeon (10/15)            Temple (1/1) D:5             Orc (0/2) D:9
   Lair: D:8-11

Altars:
Ashenzari
Cheibriados
Dithmenos
Elyvilon
Fedhas
Gozag
Hepliaklqana
Kikubaaqudgha
Makhleb
Nemelex Xobeh
Okawaru
Qazlal
Ru
Sif Muna
Trog
Uskayaw
Vehumet
Wu Jian
Xom
Yredelemnul
Zin
The Shining One

Shops:
D:5 [   D:7 ?   D:10 =

Annotations:
D:5 exclusion: downstairs
D:7 3 runed translucent doors, Yorgos's ghost, novice TrCK
D:10 Josephine; Nergalle


Message History

You climb downwards.
Level annotation: Josephine; Nergalle A bullfrog and a cyclops come into view.
The cyclops shouts!
The bullfrog croaks.
The cyclops hits you!!
Ouch! That really hurt!
There is a stone staircase leading up, spattered with blood here.
The bullfrog closely misses you. The cyclops completely misses you.
You climb upwards.
There is a stone staircase leading down here.
Casting: Magic Dart (safe; 1% risk of failure)
Confirm with . or Enter, or press ? or * to list all spells.
You blink.
The cyclops throws a large rock.
The large rock hits you!
* * * LOW HITPOINT WARNING * * *
There is an open door, spattered with blood here.
You see here a large rock.
The cyclops throws a large rock.
The large rock hits you!!
Ouch! That really hurt!
You die...

#.# ##..######.##..#.# #.#
#..## #.##....# #.# #...#
#.####### #.# ###..#####.#
#.### #.......##.# #.#≈##
#.).....##.# #.≈≈≈####
#.......##.####### #.......#
#.......##.......# ......#.#
#.....@.########.# ###≈#.#.#
######(## #.# ......#.#
#F.########.# ......≈.#
#.........#.#
......≈.########.C.#####.#.#
......≈...........§# #.#.#
.≈....≈≈≈##.......##
#.#.######
##.≈..≈≈###.......#
#........# ......≈##
#.......## ##########


You could see a cyclops and a bullfrog.

Vanquished Creatures
  Harold (D:9)
  A two-headed ogre (D:9)
  Pikel (D:6)
  A manticore (D:8)
  A queen bee (D:9)
  A troll (D:9)
  Grinder (D:6)
  A hippogriff (D:9)
  Sigmund (D:5)
  Grum (D:8)
  A water moccasin (D:8)
  Duvessa (D:6)
  3 ice beasts
  2 slaves (D:5)
  5 orc warriors
  An eye of draining (D:9)
  5 sky beasts
  A phantom (D:8)
  A black bear (D:9)
  4 centaurs
  An ogre (D:5)
  3 wolves (D:8)
  A big kobold (D:9)
  3 bullfrogs
  2 scorpions
  Dowan (D:6)
  13 killer bees (D:9)
  3 wights (D:6)
  An electric eel (D:9)
  4 crimson imps
  A quasit (D:5)
  A bullfrog zombie (D:9)
  A gnoll shaman (D:9)
  A jelly (D:8)
  2 bullfrog skeletons
  5 hounds
  2 orc priests
  10 orc wizards
  3 centaur skeletons
  4 worker ants
  A hound zombie (D:7)
  A hound skeleton (D:8)
  A howler monkey zombie (D:7)
  4 gnolls (D:9)
  A worker ant zombie (D:6)
  10 adders
  3 shadow imps
  2 adder zombies
  2 adder skeletons
  A worm (D:3)
  3 dart slugs (D:1)
  9 leopard geckos
  41 orcs
  13 bats
  4 giant cockroaches
  5 goblins
  12 hobgoblins
  9 jackals
  2 quokkas
  6 frilled lizards
  13 kobolds
  8 rats
247 creatures vanquished.

Vanquished Creatures (collateral kills)
  A gnoll (D:9)
1 creature vanquished.

Vanquished Creatures (others)
  A killer bee (D:9)
1 creature vanquished.

Grand Total: 249 creatures vanquished

Notes
Turn   | Place    | Note
-------+----------+-------------------------------------------
     0 | D:1      | pk666 the Deep Elf Wizard began the quest for the Orb.
     0 | D:1      | Reached XP level 1. HP: 10/10 MP: 7/7
   194 | D:1      | Reached XP level 2. HP: 15/15 MP: 7/9
   874 | D:1      | Reached XP level 3. HP: 19/19 MP: 9/11
   893 | D:1      | Learned a level 2 spell: Blink
   897 | D:1      | Learned a level 3 spell: Conjure Flame
   901 | D:1      | Learned a level 3 spell: Mephitic Cloud
  1250 | D:2      | Reached skill level 5 in Spellcasting
  1896 | D:2      | Reached XP level 4. HP: 24/24 MP: 9/13
  2301 | D:3      | Reached skill level 1 in Fire Magic
  2307 | D:3      | Reached skill level 1 in Poison Magic
  2325 | D:3      | Reached skill level 1 in Air Magic
  3445 | D:3      | Reached XP level 5. HP: 28/28 MP: 7/14
  4987 | D:5      | Entered Level 5 of the Dungeon
  5027 | D:5      | Reached XP level 6. HP: 32/32 MP: 7/16
  5314 | D:5      | Found a staircase to the Ecumenical Temple.
  5342 | D:5      | Reached skill level 6 in Spellcasting
  5816 | Temple   | Entered the Ecumenical Temple
  5917 | Temple   | Became a worshipper of Vehumet
  5973 | D:5      | Reached XP level 7. HP: 22/36 MP: 8/18
  5989 | D:5      | Found Naonacul's Antique Armour Boutique.
  6630 | D:5      | Reached skill level 7 in Spellcasting
  6994 | D:5      | Noticed Sigmund
  7007 | D:5      | Killed Sigmund
  7007 | D:5      | Reached skill level 5 in Conjurations
  7007 | D:5      | Reached XP level 8. HP: 39/41 MP: 9/21
  7444 | D:6      | Noticed Duvessa
  7444 | D:6      | Noticed Dowan
  7464 | D:6      | Noticed Pikel
  7716 | D:5      | Reached skill level 8 in Spellcasting
  7958 | D:6      | Killed Pikel
  7958 | D:6      | Reached skill level 5 in Fire Magic
  8197 | D:6      | Reached skill level 9 in Spellcasting
  8433 | D:6      | Killed Dowan
  8439 | D:6      | Killed Duvessa
  8439 | D:6      | Reached XP level 9. HP: 12/45 MP: 9/24
  9180 | D:6      | Noticed Grinder
  9235 | D:6      | Killed Grinder
  9392 | D:7      | Reached * piety under Vehumet
  9392 | D:7      | Offered knowledge of Shock by Vehumet.
  9506 | D:7      | Found a runed translucent gate.
  9507 | D:7      | Found a runed translucent gate.
  9507 | D:7      | Found an opulent altar of Gozag.
  9725 | D:7      | Reached skill level 10 in Spellcasting
  9896 | D:7      | Found Hinkui's Magic Scroll Shoppe.
  9900 | D:7      | Bought a scroll of teleportation for 39 gold pieces
 10927 | D:7      | Found a runed translucent gate.
 10927 | D:7      | Noticed Yorgos's ghost (novice TrCK)
 11200 | D:8      | Noticed a manticore
 11209 | D:8      | Killed a manticore
 11581 | D:8      | Reached skill level 5 in Dodging
 12041 | D:8      | Reached XP level 10. HP: 31/50 MP: 15/26
 12367 | D:8      | Noticed Grum
 12417 | D:8      | Killed Grum
 12612 | D:8      | Reached ** piety under Vehumet
 12757 | D:8      | Offered knowledge of Flame Tongue by Vehumet.
 12809 | D:8      | Reached skill level 11 in Spellcasting
 13317 | D:9      | Noticed Harold
 13333 | D:9      | Killed Harold
 13858 | D:9      | Offered knowledge of Ignite Poison by Vehumet.
 14038 | D:9      | Found a hazy altar of Hepliaklqana.
 14039 | D:9      | Found a staircase to the Orcish Mines.
 14207 | D:9      | Noticed a two-headed ogre
 14214 | D:9      | Reached *** piety under Vehumet
 14265 | D:9      | Killed a two-headed ogre
 15458 | D:9      | Reached skill level 12 in Spellcasting
 15568 | D:9      | Offered knowledge of Inner Flame by Vehumet.
 15569 | D:9      | Reached XP level 11. HP: 53/54 MP: 20/29
 15687 | D:10     | Entered Level 10 of the Dungeon
 15698 | D:10     | Found Taos's Jewellery Shop.
 15701 | D:10     | Noticed Josephine
 15704 | D:10     | Noticed Nergalle
 15749 | D:9      | Hit by a large rock thrown by a cyclops

Levels and vault maps discovered:
D:1:      matt_arrival_debris, layout_basic, chequers_serial_rivers_micro_b
D:2:      layout_basic
D:3:      layout_rooms
D:4:      layout_loops_cross, first_ration, kennysheep_generic_room_11
D:5:      kb_forest_paths, layout_basic, minmay_temple_entry_mini_moons,
          serial_shops, nicolae_shop_trees, minmay_misc_feat_diagonals,
          corexii_checkpoint_a, uniq_sigmund
D:6:      layout_rooms, minmay_increasing_density, uniq_grinder, uniq_pikel,
          uniq_duvessa
D:7:      layout_loops_corners, serial_shops, shop, ebering_ghost_gozag
D:8:      layout_cave_pods, uniq_grum
D:9:      layout_basic, overflow_temple_1_default, special_room
          [special_room_bee], uniq_harold
D:10:     layout_basic, serial_shops, shop, grunt_tengu_nest, uniq_josephine,
          uniq_nergalle
Temple:   kilobyte_greek_temple

Skill      XL: |  1  2  3  4  5  6  7  8  9 10 |
---------------+-------------------------------+-----
Dodging        | 3 5 7 |  7.6
Conjurations   | 2 3 5 6 8 9 |  9.7
Spellcasting   | 5 6 7 9 10 12 | 12.1
Fire Magic     | 1 2 4 6 7 9 |  9.4
Poison Magic   | 1 2 3 |  3.2
Air Magic      | 1 2 |  2.0
Translocations | 2 3 |  3.1
Stealth        | |  2.4
Summonings     | |  1.1

Action                   |  1- 3 |  4- 6 |  7- 9 | 10-12 || total
-------------------------+-------+-------+-------+-------++-------
Melee: Dagger            |       |     9 |    10 |    16 ||    35
 Cast: Magic Dart        |    99 |   201 |   350 |   208 ||   858
       Conjure Flame     |       |    10 |    36 |    33 ||    79
       Blink             |       |     3 |     3 |     7 ||    13
       Mephitic Cloud    |       |     3 |    25 |    25 ||    53
  Use: Scroll            |     2 |     3 |       |     1 ||     6
       Potion            |       |     1 |       |       ||     1
 Stab: Confused          |       |       |     2 |     1 ||     3
  Eat: Chunk             |     2 |     9 |    16 |     9 ||    36
       Ration            |       |     1 |     1 |       ||     2
Armor: Robe              |     2 |     9 |    10 |     8 ||    29
Dodge: Dodged            |    14 |    63 |    51 |    29 ||   157

Table legend:
 A = Non-vault XP
 B = Vault XP
 C = Vault XP percentage of total XP
 D = Non-vault monster count
 E = Vault monster count
 F = Vault count percentage of total count
                 A         B        C        D         E       F
            +---------+---------+-------+---------+---------+-------
      Total |    7294 |    3962 |  35.2 |     215 |      32 |  13.0
            +---------+---------+-------+---------+---------+-------
        D:1 |      52 |       0 |   0.0 |      29 |       0 |   0.0
        D:2 |      53 |       0 |   0.0 |      15 |       0 |   0.0
        D:3 |     105 |       0 |   0.0 |      29 |       0 |   0.0
        D:4 |     185 |       0 |   0.0 |      15 |       0 |   0.0
        D:5 |     881 |     539 |  38.0 |      18 |       8 |  30.8
        D:6 |     651 |    1139 |  63.6 |      12 |       7 |  36.8
        D:7 |     727 |       0 |   0.0 |      30 |       0 |   0.0
        D:8 |    1815 |     504 |  21.7 |      30 |       4 |  11.8
        D:9 |    2825 |    1780 |  38.7 |      37 |      13 |  26.0
            +---------+---------+-------+---------+---------+-------
